 Dungeon Crawl Stone Soup version 0.31-a0-187-gba352fbbf7 (webtiles) character file.

Game seed: 1956712326741980253

1420 qw the Skirmisher (level 8, 0/46 HPs)
             Began as a Deep Elf Hunter on June 22, 2023.
             Slain by a wight
             ... wielding a +0 hand axe of flaming
              (2 damage)
             ... on level 6 of the Dungeon.
             The game lasted 00:02:00 (4368 turns).

qw the Skirmisher (Deep Elf Hunter)                 Turns: 4368, Time: 00:02:01

Health: 0/46       AC:  6    Str: 16    XL:     8   Next: 43%
Magic:  10/10      EV: 13    Int: 15    God:
Gold:   66         SH:  0    Dex: 18    Spells: 7/7 levels left

rFire   . . .        Y - +1 shortbow (elec)
rCold   . . .        (shield currently unavailable)
rNeg    . . .        f - +0 ring mail
rPois   +            a - +0 helmet
rElec   .            (no cloak)
rCorr   .            (no gloves)
SInv    +            (no boots)
Will    .....        (no amulet)
Stlth   +            e - ring of poison resistance
HPRegen 0.27/turn    k - +6 ring of strength
MPRegen 0.12/turn

%: no passive effects
@: about to teleport
A: see invisible, wild magic 1
a: no special abilities


You were on level 6 of the Dungeon.
You visited 2 branches of the dungeon, and saw 7 of its levels.
You also visited: Sewer.

You collected 258 gold pieces.
You spent 192 gold pieces at shops.


Innate Abilities, Weirdness & Mutations

You have supernaturally acute eyesight. (SInv)
Your spells are a little harder to cast, but a little more powerful.


   Skills:
 - Level 3.3 Fighting
 + Level 12.7 Ranged Weapons
 - Level 1.6 Armour
 - Level 4.4 Dodging
 - Level 1.2 Stealth


You had 7 spell levels left.
You didn't know any spells.
Your spell library was empty.

Inventory:

Hand Weapons
 Y - a +1 shortbow of electrocution (weapon)
Armour
 a - a +0 helmet (worn)
 f - a +0 ring mail (worn)
Jewellery
 e - a ring of poison resistance (left hand)
 i - a ring of flight
 k - a +6 ring of strength (right hand)
Scrolls
 d - 3 scrolls of identify
 l - a scroll of teleportation
Potions
 b - 2 potions of cancellation
 c - a potion of mutation
 g - a potion of might
 h - 2 potions of curing
 j - 2 potions of enlightenment

Dungeon Overview and Level Annotations

Branches:
Dungeon (6/15)             Temple (1/1) D:4           Sewer (visited)

Altars:
Ashenzari
Dithmenos
Elyvilon
Fedhas
Gozag
Hepliaklqana
Kikubaaqudgha
Makhleb
Qazlal
Sif Muna
Trog
Uskayaw
Vehumet
Wu Jian
Xom
The Shining One

Shops:
D:1 [?:!   D:3 *   D:5 *


Message History

You shoot an arrow.
The arrow hits the wight but does no damage.
Lightning courses through the wight!
The wight is heavily damaged.
You shoot an arrow.
The arrow hits the wight but does no damage.
Lightning courses through the wight!!
You destroy the wight!
The orc closely misses you.
You shoot an arrow. The arrow hits the orc.
The orc is severely wounded.
The orc misses you.
You shoot an arrow. The arrow hits the orc!
You kill the orc!
The wight completely misses you.
You shoot an arrow. The arrow barely misses the wight.
The wight barely misses you.
You shoot an arrow. The arrow hits the wight.
The wight is moderately damaged.
The wight misses you. The sleepcap releases spores at you.
You are engulfed in a cloud of soporific spores!
You fall asleep.
The wight hits you with a +3 mace of freezing!
You wake up.
You feel drained. The wight freezes you. The sleepcap closely misses you.
You shoot an arrow. The arrow hits the wight!
The wight is almost destroyed.
The wight hits you with a +3 mace of freezing!
The wight freezes you.
The sleepcap releases spores at you but does no damage.
You shoot an arrow. The arrow hits the wight!
You destroy the wight!
The sleepcap releases spores at you.
Your life force feels restored.
4368 ||| READING 2 scrolls of teleportation.
As you read the scroll of teleportation, it crumbles to dust.
You feel strangely unstable.
The wight hits you with a +0 hand axe of flaming!
The wight burns you.
You die...

....... .......
.....#. .......
....... ##
.......######...
.....zz#........
#.....f@.......#
...####.....###
#%.#### ##.##
#..# ##.## #..#
##.## #..#


You could see a sleepcap and 2 wights.

Vanquished Creatures
  A water moccasin (D:6)
  An orc warrior (D:5)
  A centaur (D:5)
  A kobold brigand (Sewer)
  A bullfrog (D:5)
  A gnoll sergeant (D:5)
  3 scorpions
  2 wights (D:6)
  2 hounds (D:5)
  2 orc priests (D:5)
  3 iguanas
  4 orc wizards
  5 gnolls
  17 adders
  2 river rats (Sewer)
  A white imp (D:5)
  5 dart slugs
  10 orcs
  6 endoplasms
  7 giant cockroaches
  15 goblins
  8 hobgoblins
  7 jackals
  8 quokkas
  7 ball pythons
  2 bats (D:1)
  2 frilled lizards
  11 kobolds
  14 rats
149 creatures vanquished.

Notes
Turn   | Place    | Note
-------+----------+-------------------------------------------
     0 | D:1      | qw the Deep Elf Hunter began the quest for the Orb.
     0 | D:1      | Reached XP level 1. HP: 12/12 MP: 3/3
     0 | D:1      | 0 ||| qw: Version: 0.3-a-9-g12657ce
     0 | D:1      | 0 ||| qw: Game counter: 2316
     0 | D:1      | 0 ||| qw: Always use a shield: true
     0 | D:1      | 0 ||| qw: God list: Okawaru
     0 | D:1      | 0 ||| qw: Allow faded altars: false
     0 | D:1      | 0 ||| qw: Do Orc after D:15 true
     0 | D:1      | 0 ||| qw: Do second Lair branch before Depths: true
     0 | D:1      | 0 ||| qw: Lair rune preference: random
     0 | D:1      | 0 ||| qw: Plans: Normal
     0 | D:1      | 0 ||| PLANNING D:1-11
    73 | D:1      | Found Geram's Distillery.
    82 | D:1      | 82 ||| SHOPLISTING potion of cancellation (112 gold, have
                  | 0).
    82 | D:1      | 82 ||| SHOPLISTING potion of curing (42 gold, have 0).
    82 | D:1      | 82 ||| SHOPLISTING potion of enlightenment (70 gold, have
                  | 0).
    82 | D:1      | 82 ||| SHOPLISTING potion of heal wounds (70 gold, have 0).
   120 | D:1      | Reached skill level 6 in Ranged Weapons
   120 | D:1      | Reached XP level 2. HP: 16/16 MP: 4/4
   515 | D:1      | Found Fesaid's Antique Armour Shop.
   518 | D:1      | 518 ||| SHOPLISTING pair of gloves (139 gold, have 17).
   518 | D:1      | 518 ||| SHOPLISTING pearl dragon scales (3100 gold, have
                  | 17).
   571 | D:1      | Found Ygep Aroeha's Book Shop.
   731 | D:1      | Found Ixaoch's Magic Scroll Shop.
   738 | D:1      | 738 ||| SHOPLISTING scroll of enchant armour (97 gold, have
                  | 34).
   738 | D:1      | 738 ||| BUYING scroll of identify (26 gold).
   738 | D:1      | Bought a scroll of identify for 26 gold pieces
   780 | D:1      | Reached XP level 3. HP: 20/20 MP: 5/5
   911 | D:1      | 911 ||| UPGRADING to +0 ring mail.
   921 | D:1      | 921 ||| DROPPING +0 leather armour.
   922 | D:1      | 922 ||| UPGRADING to ring of poison resistance.
   923 | D:1      | 923 ||| READING scroll labelled MAOM ORUIJO.
   928 | D:1      | 928 ||| READING scroll labelled FYMAOWKOIFU.
   929 | D:1      | 929 ||| DROPPING scroll of butterflies.
  1032 | D:2      | Reached skill level 7 in Ranged Weapons
  1111 | D:2      | Identified the +5 rapier of Mana {freeze, rN+ Int+2 Stlth+}
  1132 | D:2      | Reached XP level 4. HP: 25/25 MP: 6/6
  1258 | D:2      | Reached skill level 8 in Ranged Weapons
  1492 | D:2      | 1492 ||| READING scroll labelled WITTAE CILUAZUEDGH.
  1493 | D:2      | 1493 ||| READING scroll labelled KOELLOUH GAEH.
  1535 | D:2      | 1535 ||| READING scroll labelled ZOSINA REONNITZ.
  1536 | D:2      | 1536 ||| DRINKING 2 cyan potions.
  1536 | D:2      | Gained mutation: You have supernaturally acute eyesight.
                  | (SInv) [potion of mutation]
  1536 | D:2      | Gained mutation: Your spells are a little harder to cast,
                  | but a little more powerful. [potion of mutation]
  1537 | D:2      | 1537 ||| READING 4 scrolls of identify.
  1537 | D:2      | 1537 ||| IDENTIFYING blue potion
  1538 | D:2      | 1538 ||| READING 3 scrolls of identify.
  1538 | D:2      | 1538 ||| IDENTIFYING smoky orange potion
  1539 | D:2      | 1539 ||| DROPPING potion of attraction.
  1546 | D:3      | 1546 ||| PLANNING SEWER
  1711 | D:3      | Found a glowing drain.
  1712 | D:3      | 1712 ||| UPGRADING to +0 helmet.
  1717 | D:3      | 1717 ||| DRINKING 2 white potions.
  1718 | D:3      | 1718 ||| READING 2 scrolls of identify.
  1718 | D:3      | 1718 ||| IDENTIFYING pink potion
  1729 | Sewer    | Entered a sewer
  1736 | Sewer    | Reached XP level 5. HP: 29/29 MP: 7/7
  1793 | Sewer    | 1793 ||| FLEEEEING.
  1794 | Sewer    | 1794 ||| FLEEEEING.
  1795 | Sewer    | 1795 ||| FLEEEEING.
  1800 | Sewer    | Reached skill level 9 in Ranged Weapons
  1869 | Sewer    | Found a white marble altar of Elyvilon.
  1912 | D:3      | 1912 ||| PLANNING D:1-11
  2036 | D:3      | Found Haih's Assorted Antiques.
  2045 | D:3      | 2045 ||| SHOPLISTING 2 scrolls of enchant weapon (405 gold,
                  | have 130).
  2045 | D:3      | 2045 ||| BUYING glowing sling (121 gold).
  2045 | D:3      | Bought a glowing sling for 121 gold pieces
  2045 | D:3      | 2045 ||| SHOPLISTING potion of heal wounds (135 gold, have
                  | 9).
  2045 | D:3      | 2045 ||| SHOPLISTING scroll labelled HIACU IGHONIADUZY (27
                  | gold, have 9).
  2045 | D:3      | 2045 ||| SHOPLISTING scroll labelled XONIEM OVINAME (27
                  | gold, have 9).
  2045 | D:3      | 2045 ||| SHOPLISTING scroll of identify (54 gold, have 9).
  2045 | D:3      | 2045 ||| SHOPLISTING scroll of teleportation (81 gold, have
                  | 9).
  2045 | D:3      | 2045 ||| DROPPING +2 sling of flaming.
  2402 | D:3      | 2402 ||| READING scroll labelled XUOVUS QUIGG.
  2403 | D:3      | 2403 ||| READING scroll labelled XONIEM OVINAME.
  2404 | D:3      | 2404 ||| READING scroll labelled HUPPOW MUIRU.
  2505 | D:3      | 2505 ||| READING scroll labelled ISUIR NIFFADOT.
  2506 | D:3      | 2506 ||| READING 2 scrolls of identify.
  2506 | D:3      | 2506 ||| IDENTIFYING amethyst potion
  2507 | D:3      | 2507 ||| DROPPING potion of degeneration.
  2551 | D:4      | Reached XP level 6. HP: 35/35 MP: 8/8
  2587 | D:4      | 2587 ||| FLEEEEING.
  2623 | D:4      | 2623 ||| DRINKING 2 potions of curing.
  2623 | D:4      | 2623 ||| (to cure confusion)
  2799 | D:4      | 2799 ||| SWAPPING to +1 shortbow of electrocution.
  2800 | D:4      | 2800 ||| DROPPING +0 heavy shortbow.
  2881 | D:4      | 2881 ||| FLEEEEING.
  2912 | D:4      | 2912 ||| FLEEEEING.
  3055 | D:4      | Reached skill level 10 in Ranged Weapons
  3218 | D:4      | Found a staircase to the Ecumenical Temple.
  3219 | D:4      | 3219 ||| PLANNING TEMPLE
  3219 | D:4      | 3219 ||| UPGRADING to +6 ring of strength.
  3220 | D:4      | 3220 ||| READING scroll labelled RYLOARGHE XIOJI.
  3221 | D:4      | 3221 ||| DRINKING 2 red potions.
  3230 | Temple   | Entered the Ecumenical Temple
  3281 | Temple   | 3281 ||| PLANNING D:1-11
  3325 | D:4      | 3325 ||| DROPPING amulet of magic regeneration.
  3361 | D:5      | Entered Level 5 of the Dungeon
  3366 | D:5      | Reached skill level 3 in Dodging
  3399 | D:5      | 3399 ||| Stepping ~*~*~tactically~*~*~ (outnumbered).
  3405 | D:5      | HP: 4/35 [gnoll sergeant/+0 spear (5)]
  3406 | D:5      | 3406 ||| READING 2 scrolls of teleportation.
  3407 | D:5      | 3407 ||| DRINKING 2 potions of heal wounds.
  3408 | D:5      | Noticed an orc warrior
  3409 | D:5      | 3409 ||| READING scroll of teleportation.
  3410 | D:5      | 3410 ||| DRINKING potion of heal wounds.
  3559 | D:5      | Found Wiarhuz's General Store.
  3565 | D:5      | Killed an orc warrior
  3566 | D:5      | Reached skill level 11 in Ranged Weapons
  3566 | D:5      | Reached XP level 7. HP: 40/40 MP: 9/9
  3571 | D:5      | Reached skill level 1 in Armour
  3619 | D:5      | 3619 ||| SHOPLISTING +1 ring mail "Trusted Companion"
                  | {Str+6} (429 gold, have 97).
  3619 | D:5      | 3619 ||| SHOPLISTING ring of poison resistance (300 gold,
                  | have 97).
  3619 | D:5      | 3619 ||| BUYING scroll of teleportation (45 gold).
  3619 | D:5      | Bought a scroll of teleportation for 45 gold pieces
  3635 | D:5      | 3635 ||| Stepping ~*~*~tactically~*~*~ (outnumbered).
  3642 | D:5      | 3642 ||| FLEEEEING.
  3643 | D:5      | 3643 ||| FLEEEEING.
  3644 | D:5      | 3644 ||| FLEEEEING.
  3645 | D:5      | 3645 ||| FLEEEEING.
  3646 | D:5      | 3646 ||| FLEEEEING.
  3647 | D:5      | 3647 ||| FLEEEEING.
  3648 | D:5      | 3648 ||| FLEEEEING.
  3649 | D:5      | 3649 ||| FLEEEEING.
  3650 | D:5      | 3650 ||| FLEEEEING.
  3651 | D:5      | 3651 ||| FLEEEEING.
  3652 | D:5      | 3652 ||| FLEEEEING.
  3653 | D:5      | 3653 ||| FLEEEEING.
  3654 | D:5      | 3654 ||| FLEEEEING.
  3655 | D:5      | 3655 ||| FLEEEEING.
  3656 | D:5      | 3656 ||| FLEEEEING.
  3657 | D:5      | 3657 ||| FLEEEEING.
  3658 | D:5      | 3658 ||| FLEEEEING.
  3659 | D:5      | 3659 ||| FLEEEEING.
  3660 | D:5      | 3660 ||| FLEEEEING.
  3661 | D:5      | 3661 ||| FLEEEEING.
  3662 | D:5      | 3662 ||| FLEEEEING.
  3663 | D:5      | 3663 ||| FLEEEEING.
  3664 | D:5      | 3664 ||| FLEEEEING.
  3665 | D:5      | 3665 ||| FLEEEEING.
  3666 | D:5      | 3666 ||| FLEEEEING.
  3667 | D:5      | 3667 ||| FLEEEEING.
  3668 | D:5      | 3668 ||| FLEEEEING.
  3669 | D:5      | 3669 ||| FLEEEEING.
  3670 | D:5      | 3670 ||| FLEEEEING.
  3671 | D:5      | 3671 ||| FLEEEEING.
  3672 | D:5      | 3672 ||| FLEEEEING.
  3673 | D:5      | 3673 ||| FLEEEEING.
  3674 | D:5      | 3674 ||| FLEEEEING.
  3675 | D:5      | 3675 ||| FLEEEEING.
  3676 | D:5      | 3676 ||| FLEEEEING.
  3677 | D:5      | 3677 ||| FLEEEEING.
  3678 | D:5      | 3678 ||| FLEEEEING.
  3679 | D:5      | 3679 ||| FLEEEEING.
  3681 | D:5      | 3681 ||| FLEEEEING.
  3682 | D:5      | 3682 ||| FLEEEEING.
  3683 | D:5      | 3683 ||| STAIRDANCE
  3745 | D:4      | 3745 ||| READING scroll labelled NOLONUPLAAKA.
  3749 | D:5      | 3749 ||| STAIRDANCE
  3799 | D:5      | 3799 ||| Stepping ~*~*~tactically~*~*~ (outnumbered).
  3821 | D:5      | 3821 ||| FLEEEEING.
  3822 | D:5      | 3822 ||| FLEEEEING.
  4105 | D:5      | Reached XP level 8. HP: 44/44 MP: 10/10
  4114 | D:5      | 4114 ||| Stepping ~*~*~tactically~*~*~ (outnumbered).
  4120 | D:5      | Reached skill level 12 in Ranged Weapons
  4336 | D:6      | Reached skill level 3 in Fighting
  4348 | D:6      | Identified the +0 plate armour of Starshine {Dex+2}
  4367 | D:6      | HP: 9/45 [sleepcap (5)]
  4368 | D:6      | 4368 ||| READING 2 scrolls of teleportation.
  4368 | D:6      | HP: 2/46 [wight/+0 hand axe of flaming (8)]
  4368 | D:6      | Slain by a wight

Levels and vault maps discovered:
D:1:      elethiomel_arrival_diamonds, layout_loops_corners, serial_shops,
          nicolae_shop_getting_attention, nicolae_book_shop_shelving, shop,
          nicolae_shop_trees
D:2:      layout_basic, hangedman_decor_clover_reticule
D:3:      layout_loops_cross, gup_sewer_entry_glass, serial_shops,
          nicolae_shop_crystal, roderic_roman_lattice
D:4:      layout_basic, minmay_temple_entry_trees
D:5:      layout_basic, serial_shops, shop
D:6:      layout_cave_pods, cheibriados_altar_1, minmay_misc_feat_secret_circle,
          nicolae_half_adder
Temple:   nicolae_temple_x_marks_the_god

Skill      XL: |  1  2  3  4  5  6  7  8 |
---------------+-------------------------+-----
Ranged Weapons | 6 7 8 9 11 12 | 12.7
Fighting       | 2 3 |  3.3
Dodging        | 3 4 |  4.4
Armour         | 1 |  1.6
Stealth        | |  1.2

Action                     |  1- 3 |  4- 6 |  7- 9 || total
---------------------------+-------+-------+-------++-------
   Fire: Shortbow          |    77 |   173 |   114 ||   364
    Use: Scroll            |     2 |    14 |     2 ||    18
         Potion            |       |     6 |       ||     6
 Armour: Leather armour    |     3 |       |       ||     3
         Ring mail         |     6 |    26 |     9 ||    41
  Dodge: Dodged            |     4 |    38 |    36 ||    78

Table legend:
 A = Non-vault XP
 B = Vault XP
 C = Vault XP percentage of total XP
 D = Non-vault monster count
 E = Vault monster count
 F = Vault count percentage of total count
                 A         B        C        D         E       F
            +---------+---------+-------+---------+---------+-------
      Total |    1879 |     150 |   7.4 |     128 |      21 |  14.1
            +---------+---------+-------+---------+---------+-------
        D:1 |      37 |       8 |  17.8 |      21 |       7 |  25.0
        D:2 |     109 |       0 |   0.0 |      23 |       0 |   0.0
        D:3 |      49 |       4 |   7.5 |      15 |       2 |  11.8
        D:4 |     191 |       0 |   0.0 |      33 |       0 |   0.0
        D:5 |    1059 |       0 |   0.0 |      29 |       0 |   0.0
        D:6 |     434 |       0 |   0.0 |       7 |       0 |   0.0
      Sewer |       0 |     138 | 100.0 |       0 |      12 | 100.0
            +---------+---------+-------+---------+---------+-------
